 Dungeon Crawl Stone Soup version 0.29.1-15-g9cfb28693d (webtiles) character file.

Game seed: 3194166033561453001

8950 croobank the Covert (level 11, 0/74 HPs)
             Began as an Octopode Fire Elementalist on Apr 28, 2023.
             Was an Elder of Vehumet.
             Succumbed to Sonja's poison
             ... on level 12 of the Dungeon on Apr 29, 2023.
             The game lasted 00:45:07 (16431 turns).

croobank the Covert (Octopode Fire Elementalist)   Turns: 16431, Time: 00:45:08

Health: 0/74       AC:  1    Str:  8    XL:     11   Next: 38%
Magic:  16/20      EV: 15    Int: 22    God:    Vehumet [****..]
Gold:   775        SH:  5    Dex: 12    Spells: 6/23 levels left

rFire   + . .      SeeInvis .   t - staff of fire
rCold   . . .      Faith    .   k - +1 buckler
rNeg    . . .      Spirit   .   (helmet restricted)
rPois   .          Reflect  .   N - amulet of magic regeneration
rElec   .          Harm     .   (no ring)
rCorr   .          Rampage  .   (no ring)
Will    .....                   (no ring)
Stlth   +++++.....              (no ring)
HPRegen 0.22/turn               (no ring)
MPRegen 0.57/turn               (no ring)
                                (no ring)
                                (no ring)

@: lethally poisoned (0 -> -70)
A: almost no armour, amphibious, 8 rings, camouflage 1, gelatinous body 1,
(nimble swimmer 1), tentacles
a: Renounce Religion


You were on level 12 of the Dungeon.
You worshipped Vehumet.
Vehumet was greatly pleased with you.
You visited 2 branches of the dungeon, and saw 13 of its levels.
You also visited: Sewer and Ossuary.

You collected 775 gold pieces.

Inventory:

Hand Weapons
 a - a +3 short sword
 b - a +0 sling
 c - a +2 vorpal dagger
 f - a +0 falchion
 n - a +1 short sword of flaming
 p - a +0 flail
 w - a +0 trident
 P - a +3 dagger of venom
 R - a +0 long sword
 S - a +2 whip of holy wrath
 X - a +1 war axe of distortion
 Y - a +1 flail of holy wrath
Missiles
 e - 3 datura-tipped darts
 l - 22 poisoned darts
 D - 2 throwing nets
 F - 8 boomerangs
 U - 2 curare-tipped darts
Armour
 k - a +1 buckler (worn)
 u - a +0 kite shield
Magical Staves
 t - a staff of fire (weapon)
Jewellery
 g - an amulet of reflection
 N - an amulet of magic regeneration (around mantle)
Wands
 x - a wand of polymorph (16)
 I - a wand of iceblast (14)
 M - a wand of flame (15)
 O - a wand of quicksilver (5)
 V - a wand of digging (6)
 W - a wand of mindburst (5)
Scrolls
 h - a scroll of blinking
 m - 6 scrolls of teleportation
 r - 2 scrolls of amnesia
 y - a scroll of identify
 z - 2 scrolls of fear
 A - 2 scrolls of enchant weapon
 E - 3 scrolls of fog
 G - 3 scrolls of enchant armour
 H - a scroll of summoning
 K - 2 scrolls of vulnerability
 T - a scroll of immolation
Potions
 d - 4 potions of magic
 i - 4 potions of berserk rage
 j - 7 potions of haste
 o - 4 potions of might
 q - 3 potions of heal wounds
 s - 7 potions of lignification
 v - 3 potions of ambrosia
 B - 15 potions of curing
 C - 3 potions of mutation
 J - a potion of resistance
 L - a potion of brilliance
 Q - 2 potions of attraction
 Z - a potion of invisibility {unknown}


   Skills:
 + Level 6.8 Fighting
 + Level 7.1 Dodging
 + Level 10.3 Stealth
 - Level 3.0 Shields
 + Level 6.6 Spellcasting
 + Level 7.0 Conjurations
 + Level 2.0 Hexes
 + Level 7.6 Fire Magic


You had 6 spell levels left.
You knew the following spells:

 Your Spells              Type           Power      Damage    Failure   Level
a - Foxfire               Conj/Fire      100%       2x1d9     1%          1
b - Scorch                Fire           100%       2d10      1%          2
c - Inner Flame           Hex/Fire       43%        N/A       1%          3
d - Flame Wave            Conj/Fire      56%        2d13      1%          4
e - Shock                 Conj/Air       88%        1d8       1%          1
f - Ignite Poison         Fire/Tmut/Pois 27%        N/A       3%          3
g - Stone Arrow           Conj/Erth      44%        3d9       2%          3

Your spell library contained the following spells:

 Spells                   Type           Power      Damage    Failure   Level
 Conjure Flame            Conj/Fire      56%        6-21      1%          3
 Ensorcelled Hibernation  Hex/Ice        22%        N/A       11%         2
 Apportation              Tloc           14%        N/A       12%         1
 Necrotise                Necr           28%        1d5       12%         1
 Summon Small Mammal      Summ           28%        N/A       12%         1
 Passwall                 Tmut/Erth      5%         N/A       17%         2
 Sublimation of Blood     Necr           7%         N/A       17%         2
 Wereblood                Tmut           7%         N/A       17%         2
 Irradiate                Conj/Tmut      11%        3d15      19%         5
 Swiftness                Air            7%         N/A       34%         3
 Blade Hands              Tmut           3%         N/A       97%         5
 Dragon Form              Tmut           3%         N/A       100%        7
 Summon Hydra             Summ           3%         N/A       100%        7


Dungeon Overview and Level Annotations

Branches:
Dungeon (12/15)            Temple (1/1) D:5            Lair (0/5) D:9
    Orc (0/2) D:11          Sewer (visited)         Ossuary (visited)

Altars:
Ashenzari
Cheibriados
Dithmenos
Elyvilon
Fedhas
Gozag
Hepliaklqana
Kikubaaqudgha
Makhleb
Nemelex Xobeh
Okawaru
Qazlal
Ru
Sif Muna
Trog
Uskayaw
Vehumet
Wu Jian
Xom
Yredelemnul
Zin
The Shining One

Shops:
D:3 [

Annotations:
D:3 1 runed translucent door, Crazy Yiuf
D:6 2 runed translucent doors, ineptsparrow's ghost, novice PaFi
D:8 2 runed translucent doors, zeram's ghost, novice GnFi


Innate Abilities, Weirdness & Mutations

You cannot wear most types of armour.
You are amphibious.
You can wear up to eight rings at the same time.
Your skin changes colour to match your surroundings (Stealth+).
Your rubbery body absorbs attacks. (AC +1, EV +1)
((You are camouflaged when in or above water. (Stealth+)))
You have tentacles for arms and can constrict up to eight enemies at once.


Message History

Sonja's fire resistance burns away.
You feel very sick. Sonja barely misses you. You block Sonja's attack. x2
Sonja hits you with a +0 dagger of venom!
You are more poisoned.
Sonja misses you. Sonja closely misses you.
Casting: Scorch (safe; 1% risk of failure)
Confirm with . or Enter, or press ? or * to list all spells.
You feel a surge of power!
Flames lash Sonja.
Sonja is burned terribly!
Sonja is heavily wounded.
You feel extremely sick. Sonja closely misses you.
Sonja hits you with a +0 dagger of venom.
You are more poisoned.
You block Sonja's attack.
Casting: Scorch (safe; 1% risk of failure)
Confirm with . or Enter, or press ? or * to list all spells.
You feel a surge of power!
Flames lash Sonja.
Sonja is burned terribly!
Sonja is almost dead.
You feel extremely sick. Sonja misses you.
Sonja hits you with a +0 dagger of venom.
You are lethally poisoned!
Sonja hits you with a +0 dagger of venom.
You are more poisoned.
Sonja hits you with a +0 dagger of venom!
* * * LOW HITPOINT WARNING * * *
Sonja hits you with a +0 dagger of venom.
* * * LOW HITPOINT WARNING * * *
You are more poisoned.
Sonja hits you with a +0 dagger of venom.
* * * LOW HITPOINT WARNING * * *
You are more poisoned.
Casting: Scorch (safe; 1% risk of failure)
Confirm with . or Enter, or press ? or * to list all spells.
You feel a surge of power!
Flames lash Sonja.
Sonja is burned terribly!
You kill Sonja!
Vehumet accepts your kill.
You feel your power returning.
You die...

#.. #.....#.# #. #©##. .
#...#.....#.# .# ...# ..
#...##'####.## ##...##.x
#............####.....###
#........................
....................######
###.................#
#...........).....#
##...........@....#
#................#
#................#
...................#
......########.....#
......#......#.....#
......#......#.....#
......#......'.....#
....##+#####.....#


There were no monsters in sight!

Vanquished Creatures
  Sonja (D:12)
  2 ugly things
  A manticore (D:11)
  Maggie (D:10)
  A kobold demonologist (D:11)
  An unseen horror (D:9)
  Psyche (D:11)
  A troll (D:9)
  A vampire (D:11)
  A shadow (D:11)
  11 yaks
  A wraith (D:11)
  A wyvern (D:9)
  2 steam dragons
  A sky beast (D:8)
  A black bear (D:7)
  3 orc warriors
  An ice beast (D:5)
  3 ogres
  3 centaurs
  2 phantoms
  3 kobold brigands
  2 gnoll sergeants
  7 bullfrogs
  5 scorpions
  2 water moccasin zombies (Ossuary)
  16 killer bees
  A howler monkey (D:4)
  2 jellies
  4 orc priests
  6 hounds
  A gnoll bouda (D:5)
  Terence (D:2)
  4 iguanas
  2 orc wizards
  2 mummies (Ossuary)
  12 adders
  12 gnolls
  A river rat (Sewer)
  4 white imps
  3 adder zombies (Ossuary)
  2 worms
  3 dart slugs
  10 orcs
  15 ball pythons
  5 endoplasms
  10 giant cockroaches
  3 gnoll zombies (Ossuary)
  2 goblins
  8 hobgoblins
  4 jackals (D:4)
  16 kobolds
  3 quokkas
  2 bats (D:3)
  4 frilled lizards
  6 hobgoblin zombies (Ossuary)
  2 kobold zombies (Ossuary)
  5 orc zombies (Ossuary)
  23 rats
253 creatures vanquished.

Vanquished Creatures (others)
  520 foxfires
520 creatures vanquished.

Grand Total: 773 creatures vanquished

Notes
Turn   | Place    | Note
-------+----------+-------------------------------------------
     0 | D:1      | croobank the Octopode Fire Elementalist began the quest for
                  | the Orb.
     0 | D:1      | Reached XP level 1. HP: 11/11 MP: 3/3
   352 | D:1      | Reached XP level 2. HP: 14/17 MP: 1/5
   400 | D:1      | Learned a level 2 spell: Scorch
   522 | D:1      | Found a faded altar of an unknown god.
   531 | D:1      | Reached skill level 3 in Stealth
   754 | D:1      | Reached XP level 3. HP: 22/22 MP: 3/6
  1726 | D:2      | Noticed Terence
  1735 | D:2      | Killed Terence
  1736 | D:2      | Reached skill level 1 in Fighting
  1736 | D:2      | Reached XP level 4. HP: 21/28 MP: 0/7
  2552 | D:3      | Found a runed translucent door.
  2553 | D:3      | Noticed Crazy Yiuf
  2574 | D:3      | Found a broken altar of Ashenzari.
  2870 | D:3      | Found Adwy's Armour Shoppe.
  3866 | D:4      | Reached skill level 1 in Shields
  3866 | D:4      | Reached XP level 5. HP: 33/33 MP: 3/8
  3916 | D:4      | Learned a level 3 spell: Inner Flame
  4335 | D:4      | Reached skill level 4 in Stealth
  4742 | D:4      | Reached XP level 6. HP: 39/39 MP: 5/10
  5108 | D:5      | Entered Level 5 of the Dungeon
  5756 | D:5      | Reached XP level 7. HP: 40/45 MP: 2/11
  5863 | D:5      | Reached skill level 5 in Stealth
  6361 | D:5      | Found a staircase to the Ecumenical Temple.
  6390 | Temple   | Entered the Ecumenical Temple
  6591 | Temple   | Became a worshipper of Vehumet
  7024 | D:6      | Found a glowing drain.
  7094 | Sewer    | Entered a sewer
  7293 | Sewer    | Reached * piety under Vehumet
  7293 | Sewer    | Offered knowledge of Shock by Vehumet.
  7297 | Sewer    | Learned a level 1 spell: Shock
  7638 | Sewer    | Reached XP level 8. HP: 47/52 MP: 8/13
  7871 | D:6      | Found a runed translucent door.
  7872 | D:6      | Noticed ineptsparrow's ghost (novice PaFi)
  7876 | D:6      | Offered knowledge of Sandblast by Vehumet.
  7930 | D:6      | Noticed a yak
  8137 | D:5      | Killed a yak
  8138 | D:5      | Reached skill level 6 in Stealth
  8351 | D:5      | Reached skill level 5 in Fire Magic
  8506 | D:6      | Reached ** piety under Vehumet
  8648 | D:6      | Found a runed translucent door.
  8994 | D:6      | Noticed a green ugly thing
  9003 | D:6      | Reached XP level 9. HP: 58/58 MP: 7/15
  9136 | D:6      | Reached skill level 7 in Stealth
  9372 | D:6      | Found a blossoming altar of Fedhas.
  9829 | D:7      | Learned a level 4 spell: Flame Wave
  9866 | D:7      | Reached skill level 5 in Dodging
 10189 | D:7      | Offered knowledge of Static Discharge by Vehumet.
 10641 | D:8      | Found a sand-covered staircase.
 10645 | Ossuary  | Entered an ossuary
 10779 | Ossuary  | Reached skill level 5 in Conjurations
 10782 | Ossuary  | Reached *** piety under Vehumet
 10964 | Ossuary  | Offered knowledge of Ignite Poison by Vehumet.
 11079 | Ossuary  | Learned a level 3 spell: Ignite Poison
 11133 | D:8      | Reached skill level 5 in Fighting
 11133 | D:8      | Reached skill level 5 in Spellcasting
 11135 | D:8      | Reached skill level 8 in Stealth
 11486 | D:8      | Found an iron altar of Okawaru.
 11486 | D:8      | Found a burning altar of Makhleb.
 11526 | D:8      | Found a glowing silver altar of Zin.
 11528 | D:8      | Found a shadowy altar of Dithmenos.
 11530 | D:8      | Found a hazy altar of Hepliaklqana.
 11766 | D:8      | Found a large runed translucent door.
 11766 | D:8      | Found a large runed translucent door.
 11769 | D:8      | Noticed zeram's ghost (novice GnFi)
 11808 | D:8      | Reached XP level 10. HP: 59/66 MP: 10/17
 12233 | D:6      | Killed a green ugly thing
 12621 | D:9      | Killed an unseen horror
 12841 | D:9      | Found a staircase to the Lair.
 12890 | D:10     | Entered Level 10 of the Dungeon
 12937 | D:10     | Reached skill level 9 in Stealth
 13429 | D:9      | Found a hide-covered altar of Uskayaw.
 13450 | D:9      | Found a sacrificial altar of Ru.
 14146 | D:10     | Noticed Maggie
 14152 | D:10     | Killed Maggie
 14724 | D:10     | Reached **** piety under Vehumet
 14725 | D:10     | Reached XP level 11. HP: 74/74 MP: 14/20
 15042 | D:11     | Reached skill level 1 in Hexes
 15123 | D:11     | Found a staircase to the Orcish Mines.
 15158 | D:11     | Noticed a purple ugly thing
 15173 | D:10     | Killed a purple ugly thing
 15174 | D:10     | Reached skill level 10 in Stealth
 15296 | D:10     | Offered knowledge of Stone Arrow by Vehumet.
 15358 | D:10     | Learned a level 3 spell: Stone Arrow
 15372 | D:11     | Noticed Psyche
 15376 | D:11     | Killed Psyche
 15663 | D:11     | Noticed a manticore
 15671 | D:11     | Killed a manticore
 16176 | D:12     | Noticed a worldbinder
 16224 | D:12     | Noticed Sonja
 16431 | D:12     | Killed Sonja
 16431 | D:12     | Succumbed to Sonja's poison

Illustrated notes

Levels and vault maps discovered:
D:1:      ebering_trefoil_3fold, layout_rooms,
          ebering_ecumenical_altar_sacrificial
D:2:      layout_loops_ring, uniq_terence
D:3:      layout_loops_ring, nicolae_ashenzari_panopticon, serial_shops,
          nicolae_shop_trees, serial_rivers, chequers_serial_rivers_micro_e,
          chequers_serial_rivers_micro_d, chequers_serial_rivers_micro_b,
          chequers_serial_rivers_small_3, chequers_serial_rivers_large_a,
          kennysheep_generic_room_6, uniq_crazy_yiuf_cottage
D:4:      layout_gridville
D:5:      layout_basic, minmay_temple_entry_statues_pillars, solitary_fountain
D:6:      minmay_chambers_of_fours, layout_rooms, lemuel_doored_altar,
          ebering_ghost_sewer_f, gup_sewer_entry_glass, minivault_5,
          grunt_tough_drop
D:7:      layout_loops_corners, minmay_misc_feat_diagonals
D:8:      layout_basic, chequers_temple_overflow_minitemple,
          ebering_ghost_disaster_area, nicolae_ossuary_entry_false_entrances
D:9:      layout_cave_pools, nicolae_uskayaw_suspiria,
          mainiacjoe_overflow_six_doors_small, lair_entry_dummy, dk_vineyard_1
D:10:     layout_irregular_city, minmay_misc_feat_pillars, uniq_maggie
D:11:     layout_roguey, uniq_psyche
D:12:     gammafunk_corrupted_shrine, layout_irregular_city, uniq_kirke,
          uniq_sonja
Temple:   hellmonk_temple_forest_ring

Skill      XL: |  1  2  3  4  5  6  7  8  9 10 11 |
---------------+----------------------------------+-----
Stealth        | 3 4 5 6 8 9 10 | 10.3
Fighting       | 1 2 3 4 5 6 |  6.8
Shields        | 1 2 3 |  3.0
Conjurations   | 2 3 4 5 6 7 |  7.0
Dodging        | 3 4 5 6 7 |  7.1
Fire Magic     | 4 5 6 7 |  7.6
Spellcasting   | 3 4 5 6 |  6.6
Hexes          | 2 |  2.0

Action                   |  1- 3 |  4- 6 |  7- 9 | 10-12 || total
-------------------------+-------+-------+-------+-------++-------
Melee: Short sword       |     9 |       |       |       ||     9
       Constrict         |     3 |     7 |     8 |       ||    18
       Dagger            |     2 |     3 |       |       ||     5
       Tentacles         |     2 |     4 |     8 |     2 ||    16
       Staff             |       |     9 |    28 |     5 ||    42
 Cast: Foxfire           |    41 |    56 |   140 |    69 ||   306
       Scorch            |    14 |    30 |   108 |   104 ||   256
       Inner Flame       |       |     1 |       |     3 ||     4
       Flame Wave        |       |       |     1 |     2 ||     3
  Use: Scroll            |       |    14 |     9 |     4 ||    27
       Potion            |       |       |       |     2 ||     2
 Stab: Sleeping          |       |     2 |     1 |       ||     3
Armor: Skin              |     1 |     1 |     2 |       ||     4
Dodge: Dodged            |     9 |    13 |    47 |    45 ||   114
Block: Other             |     3 |     3 |       |       ||     6
       Buckler           |       |     1 |    43 |    15 ||    59
       Reflection        |       |       |     3 |       ||     3
